Cogmind - Beta 15 @@@ ROGUE MODE // 2025.05.11 @ 16:55:45 Player: LightKnight Result: Destroyed self with Rocket Launcher Performance ------------- Evolutions (0) 0 Regions Visited (2) 400 Robots Destroyed (30) 150 Value Destroyed (586) 586 Prototype IDs (0) 0 Alien Tech Used (0) 0 Bonus (0) 0 TOTAL SCORE: 1136 Bonus ------- None Cogmind --------- Core Integrity 0/250 Matter 273/300 Energy 242/250 System Corruption 0% Temperature Cool (0) Movement Walking (120) Location -10/Mines Parts ------- > --- POWER (1) -------- Ion Engine > --- PROPULSION (2) --- Aluminum Leg Aluminum Leg > --- UTILITY (2) ------ Heat Sink Small Storage Unit > --- WEAPON (2) ------- Small Laser Rocket Launcher > --- INVENTORY (8) ---- Light Ion Engine Light Treads Aluminum Leg Wheel Wheel Large Storage Unit Small Laser Grenade Launcher Peak State ------------ > --- POWER ------------ Light Ion Engine > --- PROPULSION ------- Light Treads Light Treads > --- UTILITY ---------- Heat Sink Small Storage Unit > --- WEAPON ----------- Light Assault Rifle Rocket Launcher > --- INVENTORY -------- Light Ion Engine Light Ion Engine Wheel Wheel Large Storage Unit Small Laser Grenade Launcher [Rating: 8] Favorites ----------- Power Light Ion Engine Engine Light Ion Engine Propulsion Aluminum Leg Treads Light Treads Leg Aluminum Leg Utility Small Storage Unit Device Heat Sink Storage Small Storage Unit Weapon Light Assault Rifle Energy Gun Small Laser Ballistic Gun Light Assault Rifle Launcher Rocket Launcher Build | -11 -10 -10 ------- Run | Yrd Mat Min Slots Evolved . | . . . Power . | . . . Propulsion . | . . . Utility . | . . . Weapon . | . . . Parts Attached 17 | . 10 7 Power 4 | . 2 2 Engine 4 | . 2 2 Core . | . . . Reactor . | . . . Propulsion 7 | . 4 3 Treads 2 | . 2 . Leg 5 | . 2 3 Wheel . | . . . Hover . | . . . Flight . | . . . Utility 1 | . 1 . Device 1 | . 1 . Storage . | . . . Processor . | . . . Hackware . | . . . Protection . | . . . Artifact . | . . . Weapon 5 | . 3 2 Energy Gun 2 | . 1 1 Energy Cannon . | . . . Ballistic Gun 1 | . 1 . Ballistic Cannon . | . . . Launcher 2 | . 1 1 Special Weapon . | . . . Impact Weapon . | . . . Slashing Weapon . | . . . Piercing Weapon . | . . . Special Melee Weapon . | . . . Unidentified Prototypes . | . . . Parts Lost 5 | . 2 3 Power 2 | . . 2 Propulsion 2 | . 2 . Utility . | . . . Weapon 1 | . . 1 Highest Loss Streak 3 | . 2 3 To Critical Strikes . | . . . Average Backups 7 | . 6 7 Power 1 | . 1 1 Propulsion 3 | . 3 2 Utility . | . . 1 Weapon 1 | . 1 1 Tool/Special . | . . . Unused Backups 5 | . 2 3 Power . | . . . Propulsion 2 | . . 2 Utility 2 | . 1 1 Weapon 1 | . 1 . Tool/Special . | . . . Average Slot Usage (%) 95 | . 92 97 Engine 13 | . 13 13 Treads 12 | . 7 14 Leg 14 | . 18 13 Device 13 | . 10 14 Storage 14 | . 14 14 Energy Gun 6 | . 6 5 Ballistic Gun 10 | . 20 6 Launcher 9 | . . 13 Peak Build Rating 8 | . 7 8 Average Rating 7 | . 6 7 On Entrance 6 | 6 6 7 Naked Turns . | . . . Heaviest Build 16 | 10 13 16 Greatest Support 40 | 20 40 40 Greatest Overweight (x) 2 | . 2 1 Average Overweight (x) . | . . . Largest Inventory Capacity 8 | . 8 8 Average Capacity 8 | . 8 8 Most Carried 8 | . 7 8 Average Carried 7 | . 6 7 Final Capacity 8 | 8 8 8 Final Carried 8 | 6 6 8 Class Distribution -------------------- 100% | Mutant Dominant Class ---------------- Mutant | -10/Materials Mutant | -10/Mines Resources | -11 -10 -10 ----------- Run | Yrd Mat Min Matter Collected 555 | 198 155 202 Remotely . | . . . Salvage Created 521 | . 221 300 Parts 43 | . 9 34 Haulers Intercepted . | . . . Recyclers Shooed . | . . . Parts Field Recycled . | . . . Retrieved Matter . | . . . Parts Self-Destructed . | . . . Prevented . | . . . Kills | -11 -10 -10 ------- Run | Yrd Mat Min Combat Hostiles Destroyed 24 | . 8 16 Guns 6 | . 6 . AOE 18 | . 2 16 Classes Destroyed 6 | . 2 4 Worker 1 | . . 1 Builder 1 | . . 1 Tunneler 7 | . . 7 Swarmer 9 | . 3 6 Grunt 12 | . 5 7 Assembled 3 | . . 3 Best Kill Streak 6 | . 6 6 Combat Bots Only 6 | . 6 4 Max Kills in Single Turn 3 | . 2 3 Gunslinging . | . . . Exploded 3 | . 2 3 Melee . | . . . Uniques/NPCs Destroyed . | . . . Combat | -11 -10 -10 -------- Run | Yrd Mat Min Hostile Shots Fired 69 | . 55 14 Missed 20 | . 17 3 Hits 49 | . 38 11 Melee 3 | . . 3 Projectile 46 | . 38 8 Damage Taken 886 | . 441 445 Core 265 | . 142 123 Absorbed by Shields . | . . . Core Remaining (%) 100 | 100 . . Volleys Fired 37 | . 23 14 Largest 2 | . 2 2 Hottest 73 | . 60 73 Shots Fired 70 | . 46 24 Gun 55 | . 45 10 Cannon . | . . . Launcher 15 | . 1 14 Special . | . . . Kinetic 26 | . 24 2 Thermal 29 | . 21 8 Explosive 15 | . 1 14 Electromagnetic . | . . . Robot Hit Streak 12 | . 11 12 Robot Miss Streak 5 | . 2 5 Penetration Max . | . . . Secondary Targets 3 | . 3 . Max Gunslinging Chain 1 | . 1 . Shots Hit Robots 46 | . 36 10 Core Hits 48 | . 15 33 Critical Kills . | . . . Critical Parts Destroyed . | . . . Critical Strikes . | . . . Melee Attacks . | . . . Impact . | . . . Slashing . | . . . Piercing . | . . . Sneak Attacks . | . . . Combat Hostiles . | . . . Follow-up Attacks . | . . . Damage Inflicted 1674 | . 371 1303 Guns 358 | . 319 39 Cannons . | . . . Explosions 1311 | . 52 1259 Melee . | . . . Ramming 5 | . . 5 Kinetic 156 | . 148 8 Thermal 202 | . 171 31 Explosive 1311 | . 52 1259 Electromagnetic . | . . . Impact . | . . . Slashing . | . . . Piercing . | . . . Highest Corruption . | . . . Average Corruption . | . . . Corruption Purged . | . . . Corruption Blocked . | . . . Overload Shots . | . . . Overflow Damage 17 | . . 17 Projectiles . | . . . Explosions 17 | . . 17 Melee . | . . . Knockbacks . | . . . Impact . | . . . Kinetic . | . . . Secondary . | . . . Self-Inflicted Damage 293 | . 23 270 Shots 8 | . 1 7 Rammed 1 | . . 1 Targets Rammed 2 | . . 2 Kicked 1 | . . 1 Crushed . | . . . Highest Temperature 15 | . 15 . Average Temperature 9 | . 9 . Received Heat Transfer 207 | . 183 24 Siege Activations . | . . . Martial Activations . | . . . Shielding Activations . | . . . Robots Disrupted . | . . . Combat Hostiles . | . . . Robots Corrupted . | . . . Combat Hostiles . | . . . Parts Fried . | . . . Impact Corruptions . | . . . Robots Melted . | . . . Combat Hostiles . | . . . Parts Melted . | . . . Heat Transferred 475 | . 400 75 Parts Sabotaged . | . . . Parts Stolen . | . . . Parts Stripped . | . . . Power Chain Reactions . | . . . Alert | -11 -10 -10 ------- Run | Yrd Mat Min Maximum Alert Level 1 | . . 1 Low Security (%) 99 | . 100 99 Level 1 . | . . . Level 2 . | . . . Level 3 . | . . . Level 4 . | . . . Level 5 . | . . . High Security . | . . . Max Security . | . . . Peak Influence 216 | . 166 216 Initial 52 | . . 52 Average 62 | . 60 62 Influence Increases 666 | . 235 431 Destroy 0b10 Robot/C 420 | . 160 260 Destroy 0b10 Robot/NC 45 | . . 45 Destroy Leader 50 | . 30 20 Successful Hack 9 | . 9 . Disable Machine 30 | . 30 . Destroy Structure 112 | . 6 106 Influence Decreases 418 | . 99 319 Entered New Map 84 | . . 84 Time Decay 287 | . 79 208 Lost Part 47 | . 20 27 Squads Dispatched 1 | . 1 . Investigation 1 | . 1 . Extermination . | . . . Reinforcement . | . . . Assault . | . . . Garrison . | . . . Intercept . | . . . Searches Triggered . | . . . Construction Impeded . | . . . Haulers Reinforced . | . . . Active Scanning Responses . | . . . Cargo Convoy Interrupts . | . . . Stealth | -11 -10 -10 --------- Run | Yrd Mat Min Distress Signals 2 | . . 2 Communications Jammed . | . . . Distress Signals . | . . . Times Spotted 25 | . 9 16 Peak Tracking Total 5 | . 5 3 Tactical Retreats . | . . . Traps | -11 -10 -10 ------- Run | Yrd Mat Min Traps Triggered 5 | . 5 . Indirectly 1 | . 1 . Trap Hack Attempts . | . . . Triggered . | . . . Disarmed . | . . . Reprogrammed . | . . . Reused . | . . . Traps Extracted . | . . . Installed . | . . . Triggered . | . . . Machines | -11 -10 -10 ---------- Run | Yrd Mat Min Machines Disabled 2 | . 2 . Max in Single Turn 1 | . 1 . Machines Repaired . | . . . Machines Dismantled . | . . . Machines Sabotaged . | . . . Overloaded Fab Kills . | . . . Hacking | -11 -10 -10 --------- Run | Yrd Mat Min Machines Accessed 2 | . 2 . Terminals 2 | . 2 . Fabricators . | . . . Repair Stations . | . . . Recycling Units . | . . . Scanalyzers . | . . . Garrison Access . | . . . Total Hacks 5 | . 5 . Successful 2 | . 2 . Failed 3 | . 3 . Catastrophic . | . . . Database Lockouts . | . . . Manual 4 | . 4 . Terminals 5 | . 5 . Fabricators . | . . . Repair Stations . | . . . Recycling Units . | . . . Scanalyzers . | . . . Garrison Access . | . . . Terminal Hacks 1 | . 1 . Locate Traps 1 | . 1 . Fabricator Hacks . | . . . Repair Station Hacks . | . . . Recycling Unit Hacks . | . . . Scanalyzer . | . . . Garrison Access Hacks . | . . . Unauthorized Hacks 1 | . 1 . Terminals 1 | . 1 . Botnet 1 | . 1 . Fabricators . | . . . Repair Stations . | . . . Recycling Units . | . . . Scanalyzers . | . . . Garrison Access . | . . . Data Cores Recovered . | . . . Used . | . . . Hacking Detections 2 | . 2 . Full Trace Events . | . . . Feedback Events . | . . . Feedback Blocked . | . . . Robot Schematics Acquired . | . . . Robots Built . | . . . Authchips . | . . . Time . | . . . Total Robot Build Rating . | . . . Part Schematics Acquired . | . . . Parts Built . | . . . Authchips . | . . . Time . | . . . Total Part Build Rating . | . . . Parts Repaired . | . . . Time . | . . . Parts Recycled . | . . . Recycled Matter . | . . . Retrieved Matter . | . . . Retrieved Components . | . . . Parts Scanalyzed . | . . . Part Schematics Acquired . | . . . Parts Damaged . | . . . Bothacking | -11 -10 -10 ------------ Run | Yrd Mat Min Used RIF Installer . | . . . Robots Hacked . | . . . Non-combat . | . . . Combat . | . . . Robot Hacks Applied . | . . . Relay Couplers Released . | . . . Fabnet Peak Effective % . | . . . Robots Rewired . | . . . Allies Hacked . | . . . Hacks Repelled . | . . . Allies | -11 -10 -10 -------- Run | Yrd Mat Min Total Allies . | . . . Largest Group . | . . . Highest-Rated Group . | . . . Highest-Rated Ally . | . . . Total Orders . | . . . Ally Attacks . | . . . Total Damage . | . . . Kills . | . . . Allies Corrupted . | . . . Allies Melted . | . . . Intel | -11 -10 -10 ------- Run | Yrd Mat Min Active Infowar (turns) . | . . . Robot Analysis Total . | . . . Derelict Logs Recovered . | . . . Drone Launches . | . . . Drone Recoveries . | . . . Exploration | -11 -10 -10 ------------- Run | Yrd Mat Min Turns Passed 971 | . 264 707 Spaces Moved 459 | 1 131 327 Core 1 | . 1 . Treads 106 | . 33 73 Legs 352 | 1 97 254 Wheels . | . . . Hover . | . . . Flight . | . . . Fastest Speed 120 | 120 120 120 Average Speed 129 | 120 131 129 Slowest Speed 190 | 120 190 190 Overloaded Moves . | . . . Propulsion Burnouts . | . . . Robots Hopped . | . . . Potential Cave-ins . | . . . Cave-ins Triggered . | . . . Exploration Rate (%) 28 | 2 28 56 Regions Visited 2 Branch Regions 1 Pre-discovered Areas . | . . . Known Exits Taken . | . . . Unknown Exits Taken 2 | 1 1 . Scrap Searched 1 | . . 1 Spaces Dug . | . . . Terrain Destroyed 133 | . 4 129 Melee . | . . . Projectile . | . . . AOE 133 | . 4 129 Terrain Rammed . | . . . Walls Destroyed . | . . . Machines Disabled . | . . . Actions | -11 -10 -10 --------- Run | Yrd Mat Min Total 763 | . 175 588 Wait 242 | . 6 236 Move 457 | . 130 327 Hop . | . . . Pick Up 1 | . 1 . Fast Attach 14 | . 10 4 Attach 3 | . 2 1 Detach 2 | . . 2 Swap 5 | . 3 2 Drop . | . . . Fire 37 | . 23 14 Melee . | . . . Ram . | . . . Kick 1 | . . 1 Crush 1 | . . 1 Escape Stasis . | . . . Rewire . | . . . Trap . | . . . Miscellaneous . | . . . Route ------- -11/Scrapyard -10/Materials -10/Mines (discovered 1 exit: [*Mat]) History --------- Turn | Location | Event 1 | -11/Scrapyard | Discovered new exit (range 0) 1 | -11/Scrapyard | Entered Materials 201 | -10/Materials | Core integrity fell below 50% 217 | -10/Materials | Discovered new exit (range 13) 265 | -10/Materials | Entered Mines 272 | -10/Mines | Received a Rocket Launcher from a helpful Derelict 317 | -10/Mines | Build established: Mutant 347 | -10/Mines | Excavation squad dispatched 347 | -10/Mines | A large section of the Mines collapsed 597 | -10/Mines | Excavation squad dispatched 599 | -10/Mines | Core integrity fell below 20% 628 | -10/Mines | Lost 3 parts (2p1w) 847 | -10/Mines | Excavation squad dispatched 950 | -10/Mines | Discovered new exit (range 5) 972 | -10/Mines | Destroyed self with Rocket Launcher Last Messages --------------- 00745_ The unstable cave ceiling collapses. 00746_ U-05 Engineer lays Concrete. 00747_ U-05 Engineer builds a Wall. 00750_ U-05 Engineer lays Concrete. 00752_ U-05 Engineer builds a Wall. 00796_ Kicked T-07 Excavator out of the way. 00796_ T-07 Excavator sends out distress signal. 00807_ G-34 Mercenary destroyed. 00823_ Acquired 11 matter. 00829_ The unstable cave ceiling collapses. 00847_ ALERT: Derelict activity in mines confirmed. Dispatching additional escorted excavation squad. 00872_ S-10 Pest destroyed. 00875_ K-01 Serf destroyed. 00886_ The unstable cave ceiling collapses. 00889_ Acquired 6 matter. 00891_ Acquired 11 matter. 00950_ EXIT=FOUND 00969_ T-07 Excavator destroyed. 00969_ S-10 Pest destroyed. Map ----- +----------------------------------------------------+ | | | | | | | | | | | ????????????????????????????????????????? | | ????????????????????????????????????????? | | ????????????????????????????????????????? | | ????????????####????????????????????????? | | ??????????### ##???????????????????????? | | ?????????## ##??????????????????????? | | ????????## ##?????????????????????? | | ???????## < #?????????????????????? | | ???????# #?????????????????????? | | ???????# ## ##?????????????????????? | | ??????## ### ##??????????????????????? | | ?????## ##?# #???????????????????????? | | ???### ##??# #???????????????????????? | | ??## ##???# #???????????????????????? | | ??# ###### #???????????????????????? | | ??# #???????????????????????? | | ??## ### ### #???????????????????????? | | ???## #??# ## #####???????????????????? | | ????###???# ## #???????????????????? | | ????????### # [ ####???????????????? | | ????????# ## @ *% %t #???????????????? | | ????????# ### ### #???????????????? | | ???????## ## # #???????????????????? | | ???##### #??# #???????????????????? | | ??## ###??? ##???????????????????? | | ?## ##?????? ????????????????????? | | ?# #??????? ???????????????????? | | ?# #???????? ???????????????????? | | ?## #???????? ??????????????????? | | ??## #????????? ?????????????????? | | ???# ##????????? ?????????????????? | | ???## ##??????????? ?????????????? ? | | ????### ##???????????? ??????????? ? | | ??????# #?????????????? ???????????? ? | | ??????# #???????????????????????+ ??# ? | | ??????# #???????????????????????+ ??# ? | | ??????# #???????????????????????# ## ? | | ??????# #########???????????????# # # | | ??????# #????###????????## | | ??????######## #???# ########## | | ?????????????# #??# ? | | ?????????????# ### ? | | ?????????????# #??????????? | | ?????????????## #???????????????# | | ??????????????# #????????????????# | +----------------------------------------------------+ Best States ------------- Heat Dissipation 35 Energy Generation 10 Energy Capacity 250 Matter Stores 300 Matter Capacity 300 Sight Range 16 Terrain Scan Density 10 Evasion (%) 55 Recoil Reduction 2 Item Schematics ----------------- None Robot Schematics ------------------ None Fabricated ------------ Nothing Repaired ---------- Nothing Alien Tech Used ----------------- None Achievements -------------- None Challenges ------------ None Game ------ Seed PortableWardroneExpander Manual? 0 Play Time 00:09:31 Cumulative 271.2 hours Start 2025.05.11 @ 16:31:25 End 2025.05.11 @ 16:55:45 Sessions 2 Manual Loads 0 Difficulty Rogue Special Mode None Game No. 193 Rogue 193 Adventurer 0 Explorer 0 Win Type - Total 21 Types 17/0/2/2/0/0/0/0/0/0 Lore% 84 Gallery% 71 Achievement% 62 Wizard Run 0 Options --------- Layout 0 ASCII 1 Keyboard 1 Movement Arrows Keybinds 0 Fullscreen 1 Font 18/Terminus Map View 76x50 Zoom Use 0% Tactical HUD 1 Map Filters NONE Filters NONE Steam 1 RUN: 5dfea163-175e-4c76-946f-25ebb4d4001f